TOP OF THE 1ST |
Michigan Wolverines batting - Pitching for Mississippi Rebels : LHP Juan Méndez
|
Pitching: LHP Juan Méndez
|
|
Batting: RHB Mark Brewer
|
0-0: Ball 1-0: Called Strike 1-1: Foul Ball, location: 2F 1-2: Ball 2-2: Strikes out swinging
|
Batting: RHB Bryan Koonts
|
0-0: Foul Ball, location: 2F 0-1: Called Strike 0-2: Strikes out swinging
|
Batting: RHB Bill Davis
|
0-0: Ball 1-0: Ball 2-0: Called Strike 2-1: Called Strike 2-2: Ball 3-2: Foul Ball, location: 2F 3-2: Base on Balls
|
Batting: RHB Jake Brown
|
0-0: Ball 1-0: Foul Ball, location: 2F 1-1: Ball 2-1: Foul Ball, location: 2F 2-2: Ball 3-2: Foul Ball, location: 2F 3-2: Strikes out looking
|
Top of the 1st over - 0 run(s), 0 hit(s), 0 error(s), 1 left on base; Michigan 0 - Mississippi 0 |
BOTTOM OF THE 1ST |
Mississippi Rebels batting - Pitching for Michigan Wolverines : RHP Alexander Lynch
|
Pitching: RHP Alexander Lynch
|
|
Batting: RHB Rafael Gonzáles
|
0-0: Called Strike 0-1: Swinging Strike 0-2: Ground out 6-3 (Groundball, 6)
|
Batting: LHB Ryan Miller
|
0-0: Called Strike 0-1: Fly out, F8 (Flyball, 8LM)
|
Batting: RHB Lou Hammond
|
0-0: Ball 1-0: Ball 2-0: Swinging Strike 2-1: Ball 3-1: Base on Balls
|
Batting: RHB Jason McIntosh
|
0-0: Ball 1-0: 2-RUN HOME RUN (Flyball, 7LD), Distance : 315 ft
|
Batting: RHB Simon Lee
|
0-0: Swinging Strike 0-1: Swinging Strike 0-2: Ball 1-2: Ball 2-2: Foul Ball, location: 2F 2-2: Strikes out swinging
|
Bottom of the 1st over - 2 run(s), 1 hit(s), 0 error(s), 0 left on base; Michigan 0 - Mississippi 2 |
TOP OF THE 2ND |
Michigan Wolverines batting - Pitching for Mississippi Rebels : LHP Juan Méndez
|
Batting: RHB Bill Andrews
|
0-0: Ball 1-0: Ground out U3 (Groundball, 34)
|
Batting: RHB Walt Green
|
0-0: Called Strike 0-1: Ball 1-1: Ball 2-1: SINGLE (Groundball, 6MD)
|
Batting: RHB Andrew Lewis
|
0-0: Called Strike 0-1: Foul Ball, location: 2F 0-2: SINGLE (Flyball, 7S) Walt Green to second
|
Batting: RHB Mel Wells
|
0-0: Foul Ball, location: 2F 0-1: Swinging Strike 0-2: Ball 1-2: Strikes out swinging
|
Batting: LHB Leon Malone
|
0-0: Ball 1-0: Fly out, F7 (Line Drive, 7)
|
Top of the 2nd over - 0 run(s), 2 hit(s), 0 error(s), 2 left on base; Michigan 0 - Mississippi 2 |
BOTTOM OF THE 2ND |
Mississippi Rebels batting - Pitching for Michigan Wolverines : RHP Alexander Lynch
|
Batting: RHB John Eaves
|
0-0: Ball 1-0: Foul Ball, location: 2F 1-1: Ball 2-1: Fly out, F8 (Flyball, 8RS)
|
Batting: RHB Warren Owens
|
0-0: Called Strike 0-1: SINGLE (Line Drive, 9LM)
|
Batting: RHB Leonard Martínez
|
0-0: Ball 1-0: Called Strike 1-1: Foul Ball, location: 2F 1-2: Ball 2-2: Ball 3-2: Foul Ball, location: 2F 3-2: Base on Balls Warren Owens to second
|
Batting: SHB Jack Hendrix
|
0-0: Fielders Choice at 2nd, 4-6 (Groundball, 4) Warren Owens to third
|
Batting: RHB Rafael Gonzáles
|
0-0: Called Strike 0-1: Ball 1-1: Ball 2-1: Hit by Pitch Jack Hendrix to second
|
Batting: LHB Ryan Miller
|
0-0: Foul Ball, location: 2F 0-1: Ball 1-1: Foul Ball, location: 2F 1-2: Ball 2-2: Strikes out swinging
|
Bottom of the 2nd over - 0 run(s), 1 hit(s), 0 error(s), 3 left on base; Michigan 0 - Mississippi 2 |
TOP OF THE 3RD |
Michigan Wolverines batting - Pitching for Mississippi Rebels : LHP Juan Méndez
|
Batting: RHB Mark Brewer
|
0-0: Fly out, F9 (Flyball, 9S)
|
Batting: RHB Bryan Koonts
|
0-0: Called Strike 0-1: Swinging Strike 0-2: Ball 1-2: Foul Ball, location: 2F 1-2: Foul Ball, location: 2F 1-2: Ball 2-2: Strikes out looking
|
Batting: RHB Bill Davis
|
0-0: Ball 1-0: Ball 2-0: Foul Ball, location: 2F 2-1: Called Strike 2-2: SINGLE (Flyball, 8LS)
|
Batting: RHB Jake Brown
|
0-0: Called Strike 0-1: Ball 1-1: Ball 2-1: Fly out, F4 (Popup, 34)
|
Top of the 3rd over - 0 run(s), 1 hit(s), 0 error(s), 1 left on base; Michigan 0 - Mississippi 2 |
BOTTOM OF THE 3RD |
Mississippi Rebels batting - Pitching for Michigan Wolverines : RHP Alexander Lynch
|
Batting: RHB Lou Hammond
|
0-0: Ball 1-0: Foul Ball, location: 2F 1-1: Ball 2-1: Fly out, F7 (Flyball, 7)
|
Batting: RHB Jason McIntosh
|
0-0: Ball 1-0: Ground out 5-3 (Groundball, 56)
|
Batting: RHB Simon Lee
|
0-0: Ball 1-0: Ball 2-0: Ball 3-0: Called Strike 3-1: Base on Balls
|
Batting: RHB John Eaves
|
0-0: Called Strike 0-1: Called Strike 0-2: Ball 1-2: Foul Ball, location: 2F 1-2: Ground out 4-3 (Groundball, 34)
|
Bottom of the 3rd over - 0 run(s), 0 hit(s), 0 error(s), 1 left on base; Michigan 0 - Mississippi 2 |
TOP OF THE 4TH |
Michigan Wolverines batting - Pitching for Mississippi Rebels : LHP Juan Méndez
|
Batting: RHB Bill Andrews
|
0-0: Ball 1-0: Ball 2-0: Ball 3-0: Base on Balls
|
Batting: RHB Walt Green
|
0-0: Ball 1-0: Ball 2-0: Swinging Strike 2-1: Swinging Strike 2-2: Foul Ball, location: 2F 2-2: Fly out, F4 (Popup, 4D)
|
Batting: RHB Andrew Lewis
|
0-0: Ball 1-0: Foul Ball, location: 2F 1-1: Ball 2-1: Ball 3-1: Base on Balls Bill Andrews to second
|
Batting: RHB Mel Wells
|
0-0: Called Strike 0-1: Ball 1-1: Called Strike 1-2: Strikes out swinging
|
Batting: LHB Leon Malone
|
0-0: SINGLE (Flyball, 7) Bill Andrews to third Andrew Lewis to second Throwing error, E7 Bill Andrews scores Andrew Lewis to third Leon Malone to second
|
Batting: RHB Mark Brewer
|
0-0: Ball 1-0: Swinging Strike 1-1: Ball 2-1: Foul Ball, location: 2F 2-2: Ball 3-2: Base on Balls
|
Pitching: RHP Chris Roy
|
|
Batting: RHB Bryan Koonts
|
0-0: Ball 1-0: Called Strike 1-1: Called Strike 1-2: Ball 2-2: Strikes out looking
|
Top of the 4th over - 1 run(s), 1 hit(s), 1 error(s), 3 left on base; Michigan 1 - Mississippi 2 |
BOTTOM OF THE 4TH |
Mississippi Rebels batting - Pitching for Michigan Wolverines : RHP Alexander Lynch
|
Batting: RHB Warren Owens
|
0-0: Ball 1-0: Called Strike 1-1: Ball 2-1: Ball 3-1: Base on Balls
|
Batting: RHB Leonard Martínez
|
0-0: Ball 1-0: Fly out, F7 (Flyball, 7)
|
Batting: SHB Jack Hendrix
|
0-0: Ball 1-0: 2-RUN HOME RUN (Line Drive, 9D), Distance : 356 ft
|
Batting: RHB Rafael Gonzáles
|
0-0: Called Strike 0-1: Foul Ball, location: 2F 0-2: Foul Ball, location: 2F 0-2: Ball 1-2: SOLO HOME RUN (Flyball, 8RXD), Distance : 405 ft
|
Batting: LHB Ryan Miller
|
0-0: Ball 1-0: Ball 2-0: Ground out 4-3 (Groundball, 4)
|
Batting: RHB Lou Hammond
|
0-0: Called Strike 0-1: Ball 1-1: Foul Ball, location: 2F 1-2: Foul Ball, location: 2F 1-2: Foul Ball, location: 2F 1-2: Ball 2-2: Ball 3-2: Base on Balls
|
Pitching: LHP Paul Jones
|
|
Batting: RHB Jason McIntosh
|
0-0: Ball 1-0: Ball Lou Hammond steals 2nd base 2-0: Called Strike 2-1: Ball 3-1: Base on Balls
|
Batting: RHB Simon Lee
|
0-0: Called Strike 0-1: Called Strike 0-2: Ball 1-2: Ball 2-2: Ball 3-2: Fly out, F9 (Flyball, 9S)
|
Bottom of the 4th over - 3 run(s), 2 hit(s), 0 error(s), 2 left on base; Michigan 1 - Mississippi 5 |
TOP OF THE 5TH |
Michigan Wolverines batting - Pitching for Mississippi Rebels : RHP Chris Roy
|
Batting: RHB Bill Davis
|
0-0: Ball 1-0: Ball 2-0: Ball 3-0: Called Strike 3-1: Base on Balls
|
Batting: RHB Jake Brown
|
0-0: Ball 1-0: Called Strike 1-1: Fly out, F8 (Line Drive, 78XD)
|
Batting: RHB Bill Andrews
|
0-0: Ball 1-0: Called Strike 1-1: Ball 2-1: Ball 3-1: Base on Balls Bill Davis to second
|
Batting: RHB Walt Green
|
0-0: Called Strike 0-1: Foul Ball, location: 2F 0-2: Fly out, F7 (Line Drive, 7)
|
Batting: RHB Andrew Lewis
|
0-0: Ball 1-0: 3-RUN HOME RUN (Flyball, 78XD), Distance : 385 ft
|
Batting: RHB Mel Wells
|
0-0: Ball 1-0: Ground out 6-3 (Groundball, 6)
|
Top of the 5th over - 3 run(s), 1 hit(s), 0 error(s), 0 left on base; Michigan 4 - Mississippi 5 |
BOTTOM OF THE 5TH |
Mississippi Rebels batting - Pitching for Michigan Wolverines : LHP Paul Jones
|
Batting: RHB John Eaves
|
0-0: Fly out, F9 (Flyball, 9LM)
|
Batting: RHB Warren Owens
|
0-0: Called Strike 0-1: Ball 1-1: Called Strike 1-2: Foul Ball, location: 2F 1-2: Ball 2-2: Ball 3-2: SINGLE (Line Drive, 7LS)
|
Batting: RHB Leonard Martínez
|
0-0: Ball 1-0: Ball 2-0: Swinging Strike 2-1: Foul Ball, location: 2F 2-2: Ball 3-2: Foul Ball, location: 2F 3-2: Strikes out swinging
|
Batting: SHB Jack Hendrix
|
0-0: Called Strike 0-1: Swinging Strike 0-2: Ball Wild Pitch! Warren Owens to second 1-2: Ball 2-2: SINGLE (Groundball, 4MD) Warren Owens to third Runner from 3rd tries for Home, SAFE, no throw
|
Batting: RHB Rafael Gonzáles
|
0-0: Ball 1-0: Ball 2-0: Swinging Strike 2-1: Ball 3-1: DOUBLE (Line Drive, 7LS) Jack Hendrix to third Runner from 3rd tries for Home, SAFE, no throw
|
Batting: LHB Ryan Miller
|
0-0: Ball 1-0: Ball 2-0: Called Strike 2-1: Fly out, F8 (Flyball, 89M)
|
Bottom of the 5th over - 2 run(s), 3 hit(s), 0 error(s), 1 left on base; Michigan 4 - Mississippi 7 |
TOP OF THE 6TH |
Michigan Wolverines batting - Pitching for Mississippi Rebels : RHP Chris Roy
|
Pitching: RHP Jim Major
|
|
Batting: LHB Leon Malone
|
0-0: Ball 1-0: Called Strike 1-1: Swinging Strike 1-2: Ball 2-2: Ball 3-2: Foul Ball, location: 2F 3-2: Foul Ball, location: 2F 3-2: Base on Balls
|
Batting: RHB Mark Brewer
|
0-0: Fielders Choice at 2nd, 4-6 (Groundball, 4)
|
Batting: RHB Bryan Koonts
|
0-0: Ball 1-0: Called Strike Mark Brewer steals 2nd base 1-1: Ball Throwing error on steal attempt, E2 Mark Brewer scores 2-1: Foul Ball, location: 2F 2-2: Strikes out swinging
|
Batting: RHB Bill Davis
|
0-0: Ball 1-0: Ball 2-0: Ball 3-0: Called Strike 3-1: Foul Ball, location: 2F 3-2: Strikes out swinging
|
Top of the 6th over - 1 run(s), 0 hit(s), 1 error(s), 0 left on base; Michigan 5 - Mississippi 7 |
BOTTOM OF THE 6TH |
Mississippi Rebels batting - Pitching for Michigan Wolverines : LHP Paul Jones
|
Batting: RHB Lou Hammond
|
0-0: Ball 1-0: Ground out 6-3 (Groundball, 6)
|
Batting: RHB Jason McIntosh
|
0-0: Ball 1-0: Ball 2-0: Foul Ball, location: 2F 2-1: Swinging Strike 2-2: Strikes out swinging
|
Batting: RHB Simon Lee
|
0-0: Ball 1-0: DOUBLE (Line Drive, 9LS)
|
Batting: RHB John Eaves
|
0-0: SINGLE (Groundball, 56D) Simon Lee to third
|
Batting: RHB Warren Owens
|
0-0: Ball 1-0: Ball 2-0: Ball 3-0: Base on Balls John Eaves to second
|
Batting: RHB Leonard Martínez
|
0-0: Called Strike 0-1: Ball 1-1: Fly out, F2 (Popup, 25)
|
Bottom of the 6th over - 0 run(s), 2 hit(s), 0 error(s), 3 left on base; Michigan 5 - Mississippi 7 |
TOP OF THE 7TH |
Michigan Wolverines batting - Pitching for Mississippi Rebels : RHP Jim Major
|
Batting: RHB Jake Brown
|
0-0: Ball 1-0: Ball 2-0: Ball 3-0: Called Strike 3-1: Base on Balls
|
Batting: RHB Bill Andrews
|
0-0: Ball 1-0: Called Strike 1-1: Swinging Strike 1-2: Strikes out swinging
|
Batting: RHB Walt Green
|
0-0: Ball 1-0: Foul Ball, location: 2F 1-1: Ball 2-1: Foul Ball, location: 2F 2-2: Fly out, F9 (Flyball, 9)
|
Batting: RHB Andrew Lewis
|
0-0: Ball 1-0: Called Strike 1-1: Called Strike 1-2: Ball 2-2: SINGLE (Groundball, 56D) Jake Brown to second
|
Pinch Hitting: LHB David Sénéchal
|
0-0: Called Strike 0-1: Fly out, F4 (Popup, 34)
|
Top of the 7th over - 0 run(s), 1 hit(s), 0 error(s), 2 left on base; Michigan 5 - Mississippi 7 |
BOTTOM OF THE 7TH |
Mississippi Rebels batting - Pitching for Michigan Wolverines : LHP Paul Jones
|
Pitching: RHP Vince Conklin
|
|
Now at SS: Bill Smith
|
|
Batting: SHB Jack Hendrix
|
0-0: Ball 1-0: Swinging Strike 1-1: Ground out 4-3 (Groundball, 4S)
|
Batting: RHB Rafael Gonzáles
|
0-0: Ball 1-0: Called Strike 1-1: Swinging Strike 1-2: Foul Ball, location: 2F 1-2: Ball 2-2: Strikes out swinging
|
Batting: LHB Ryan Miller
|
0-0: Foul Ball, location: 2F 0-1: Ball 1-1: Ball 2-1: Foul Ball, location: 2F 2-2: Strikes out swinging
|
Bottom of the 7th over - 0 run(s), 0 hit(s), 0 error(s), 0 left on base; Michigan 5 - Mississippi 7 |
TOP OF THE 8TH |
Michigan Wolverines batting - Pitching for Mississippi Rebels : RHP Jim Major
|
Batting: LHB Leon Malone
|
0-0: Ball 1-0: Swinging Strike 1-1: Foul Ball, location: 2F 1-2: Ball 2-2: Ball 3-2: Strikes out looking
|
Batting: RHB Mark Brewer
|
0-0: Ball 1-0: SINGLE (Line Drive, 56D)
|
Batting: RHB Bryan Koonts
|
0-0: Ball 1-0: Reached on error, E5 (Groundball, 56) Mark Brewer to second
|
Pitching: LHP Paul Hart
|
|
Batting: RHB Bill Davis
|
0-0: Called Strike 0-1: Ball 1-1: Ball 2-1: Ball 3-1: Base on Balls Mark Brewer to third Bryan Koonts to second
|
Pitching: RHP Jake Seals
|
|
Batting: RHB Jake Brown
|
0-0: Ball 1-0: Swinging Strike 1-1: Foul Ball, location: 2F 1-2: Foul Ball, location: 2F 1-2: Foul Ball, location: 2F 1-2: Grounds into double play, 4-6-3 (Groundball, 4)
|
Top of the 8th over - 0 run(s), 1 hit(s), 1 error(s), 2 left on base; Michigan 5 - Mississippi 7 |
BOTTOM OF THE 8TH |
Mississippi Rebels batting - Pitching for Michigan Wolverines : RHP Vince Conklin
|
Batting: RHB Lou Hammond
|
0-0: Foul Ball, location: 2F 0-1: Ball 1-1: Ball 2-1: Foul Ball, location: 2F 2-2: Ball 3-2: Foul Ball, location: 2F 3-2: SINGLE (Groundball, 34D)
|
Batting: RHB Jason McIntosh
|
0-0: SINGLE (Groundball, 5D) Lou Hammond to second
|
Batting: RHB Simon Lee
|
0-0: Ball 1-0: Ball 2-0: Ball 3-0: Called Strike 3-1: Base on Balls Lou Hammond to third Jason McIntosh to second
|
Batting: RHB John Eaves
|
0-0: Fly out, F3 (Flyball, 34D)
|
Batting: RHB Warren Owens
|
0-0: Ball 1-0: Swinging Strike 1-1: Foul Ball, location: 2F 1-2: Foul Ball, location: 2F 1-2: Foul Ball, location: 2F 1-2: Foul Ball, location: 2F 1-2: Ball 2-2: SINGLE (Flyball, 78S) Lou Hammond scores Jason McIntosh to third Simon Lee to second Runner from 3rd tries for Home, SAFE, no throw
|
Batting: RHB Leonard Martínez
|
0-0: Ball 1-0: Grounds into double play, 6-4-3 (Groundball, 6)
|
Bottom of the 8th over - 2 run(s), 3 hit(s), 0 error(s), 1 left on base; Michigan 5 - Mississippi 9 |
TOP OF THE 9TH |
Michigan Wolverines batting - Pitching for Mississippi Rebels : RHP Jake Seals
|
Batting: RHB Bill Andrews
|
0-0: Swinging Strike 0-1: Ball 1-1: Called Strike 1-2: Ball 2-2: Ground out 1-3 (Groundball, 15S)
|
Batting: RHB Walt Green
|
0-0: Called Strike 0-1: Called Strike 0-2: TRIPLE (Flyball, 78D)
|
Batting: RHB Andrew Lewis
|
0-0: Ball 1-0: Called Strike 1-1: Ball 2-1: Ball 3-1: Base on Balls
|
Pitching: RHP John MacHendry
|
|
Batting: SHB Bill Smith
|
0-0: Ball 1-0: Ball 2-0: Foul Ball, location: 2F 2-1: Foul Ball, location: 2F 2-2: Ball 3-2: Base on Balls Andrew Lewis to second
|
Batting: LHB Leon Malone
|
0-0: Fielders Choice at 2nd, 6-4 (Groundball, 6) Walt Green scores Andrew Lewis to third
|
Batting: RHB Mark Brewer
|
0-0: Ball 1-0: Called Strike 1-1: Called Strike 1-2: Ball 2-2: Ground out 4-3 (Groundball, 4M)
|
Top of the 9th over - 1 run(s), 1 hit(s), 0 error(s), 2 left on base; Michigan 6 - Mississippi 9 |
|